 Dungeon Crawl Stone Soup version 0.29.1 (webtiles) character file.

Game seed: 7736256178245381331

405 qw the Chopper (level 6, -1/40 HPs)
             Began as a Gargoyle Fighter on Sept 13, 2022.
             Slain by a hobgoblin
             ... wielding a +0 long sword
              (4 damage)
             ... on level 4 of the Dungeon.
             The game lasted 00:01:18 (3088 turns).

qw the Chopper (Gargoyle Fighter)                   Turns: 3088, Time: 00:01:19

Health: -1/40      AC: 20    Str: 21    XL:     6   Next: 87%
Magic:  0/5        EV:  5    Int: 12    God:
Gold:   14         SH:  4    Dex:  8    Spells: 5/5 levels left

rFire   . . .      SeeInvis .   Y - +2 war axe (freeze)
rCold   . . .      Faith    .   c - +0 buckler
rNeg    + . .      Spirit   +   m - +0 plate armour
rPois   inf        Reflect  .   o - +1 helmet
rElec   +          Harm     .   (no cloak)
rCorr   .          Rampage  .   l - +0 pair of gloves
Will    .....      Clarity  +   i - +0 pair of boots
Stlth   ..........              e - amulet of guardian spirit
HPRegen 0.13/turn               (no ring)
MPRegen 0.09/turn               (no ring)

@: about to teleport
A: sickness immunity, AC +4, negative energy resistance 1, electricity
resistance, torment resistance 1, petrification resistance, clarity, clever 1,
low MP 1
a: no special abilities


You were on level 4 of the Dungeon.
You visited 1 branch of the dungeon, and saw 4 of its levels.

You collected 179 gold pieces.
You spent 165 gold pieces at shops.


Innate Abilities, Weirdness & Mutations

You are immune to sickness and miasma.
Your stone body is resilient. (AC +4)
You are immune to poison.
You resist negative energy. (rN+)
You are resistant to electric shocks. (rElec)
You are resistant to unholy torment.
You are immune to petrification.
You possess an exceptional clarity of mind.
Your mind is acute. (Int +4, Str/Dex -1)
Your magical capacity is low. (-10% MP)


   Skills:
 - Level 4.8 Fighting
 + Level 5.7 Axes
 - Level 3.2 Armour
 - Level 3.2 Shields


You had 5 spell levels left.
You didn't know any spells.
Your spell library was empty.

Inventory:

Hand Weapons
 f - a +0 flail
 Y - a +2 war axe of freezing (weapon)
Armour
 c - a +0 buckler (worn)
 i - a +0 pair of boots (worn)
 l - a +0 pair of gloves (worn)
 m - a +0 plate armour (worn)
 o - a +1 helmet (worn)
Jewellery
 e - an amulet of guardian spirit (around neck)
Scrolls
 a - a scroll of teleportation
Potions
 d - a potion of might
 g - 4 potions of curing
 k - a potion of attraction
 n - 2 potions of mutation

Dungeon Overview and Level Annotations

Branches:
Dungeon (4/15)
 Temple: D:4-7

Altars:
Nemelex Xobeh

Shops:
D:3 !*!(

Annotations:
D:3 2 transporters


Message History

The black bear is severely wounded.
You slash the ufetubus! You freeze the ufetubus.
You kill the ufetubus!
The black bear bites you but does no damage.
The black bear claws you but does no damage.
The black bear barely misses you. You block the ball python's attack.
The ball python closely misses you.
You hit the black bear. You freeze the black bear.
The black bear is almost dead.
You slash the ball python!
The ball python seems to slow down.
You freeze the ball python.
You kill the ball python!
The black bear goes berserk!
A ball python comes into view.
You barely miss the black bear.
The black bear is almost dead.
The ball python hisses angrily.
The black bear bites you but does no damage.
The black bear claws you but does no damage. x2
You block the black bear's attack. x2; The black bear barely misses you.
You hit the black bear. You freeze the black bear.
The black bear is almost dead.
The black bear bites you.
The black bear claws you but does no damage.
You block the black bear's attack.
The black bear bites you but does no damage.
The black bear claws you but does no damage. x2
3087 ||| READING 2 scrolls of teleportation.
As you read the scroll of teleportation, it crumbles to dust.
You feel strangely unstable.
The black bear bites you but does no damage.
You block the black bear's attack. The black bear barely misses you.
The hobgoblin barely misses you. The black bear bites you!
The black bear claws you.
The black bear claws you but does no damage.
You hit the black bear. You freeze the black bear.
You kill the black bear!
You hit the hobgoblin but do no damage.
The hobgoblin hits you with a +0 long sword.
You die...

###..........~~
........)....~~
#...........~~
#...........~~
...........~~
#........# #.g.%S..#
~~ #.@....##~~~
####.###...<~~~~
##.)%.5##....~~~~
##..))........~~~~
#..............~~~
.)...............~~~
....>.............~~~
.
..###.............88~~
.# ..
##.................


You could see a hobgoblin and a ball python.

Vanquished Creatures
  A black bear (D:4)
  An orc warrior (D:3)
  An ice beast (D:3)
  An orc priest (D:4)
  An iguana (D:4)
  An orc wizard (D:4)
  Robin (D:3)
  An adder (D:2)
  An ufetubus (D:4)
  3 worms
  3 dart slugs (D:3)
  7 orcs
  8 endoplasms
  3 giant cockroaches
  17 goblins
  9 hobgoblins
  6 jackals
  A kobold (D:3)
  A quokka (D:1)
  6 ball pythons
  8 bats
  3 frilled lizards
  6 rats
90 creatures vanquished.

Notes
Turn   | Place    | Note
-------+----------+-------------------------------------------
     0 | D:1      | qw the Gargoyle Fighter began the quest for the Orb.
     0 | D:1      | Reached XP level 1. HP: 14/14 MP: 1/1
     0 | D:1      | 0 ||| qw: Version: 0.1-a-119-g272c26d
     0 | D:1      | 0 ||| qw: Game counter: 11286
     0 | D:1      | 0 ||| qw: Always use a shield: true
     0 | D:1      | 0 ||| qw: God list: Okawaru
     0 | D:1      | 0 ||| qw: Allow faded altars: false
     0 | D:1      | 0 ||| qw: Do Orc after D:15 true
     0 | D:1      | 0 ||| qw: Do second Lair branch before Depths: true
     0 | D:1      | 0 ||| qw: Lair rune preference: random
     0 | D:1      | 0 ||| qw: Plans: Normal, Zot, God:TSO, Crypt, Tomb, Pan,
                  | Slime, Hells, Zig, Abyss, Orb
     0 | D:1      | 0 ||| PLANNING D:1-11
    50 | D:1      | Reached skill level 2 in Axes
   153 | D:1      | Reached XP level 2. HP: 19/19 MP: 2/2
   725 | D:1      | 725 ||| UPGRADING to +0 chain mail.
   735 | D:1      | 735 ||| DROPPING +0 scale mail.
   736 | D:1      | 736 ||| UPGRADING to +0 pair of gloves.
   741 | D:1      | 741 ||| UPGRADING to +1 helmet.
   746 | D:1      | 746 ||| UPGRADING to amulet of guardian spirit.
   751 | D:1      | 751 ||| READING scroll labelled CAECKU FIFUH.
   752 | D:1      | 752 ||| READING scroll labelled SOCHUDDIBB.
   753 | D:1      | 753 ||| READING scroll labelled INUWUL QISYJY.
   754 | D:1      | 754 ||| READING scroll labelled NIGGIGH FEECH.
   773 | D:2      | 773 ||| STAIRDANCE
   846 | D:2      | Reached skill level 3 in Axes
   846 | D:2      | Found a faded altar of an unknown god.
   868 | D:2      | 868 ||| READING scroll of enchant weapon.
   868 | D:2      | 868 ||| ENCHANTING +1 war axe of freezing.
   949 | D:2      | Reached XP level 3. HP: 23/23 MP: 3/3
  1025 | D:2      | 1025 ||| Stepping ~*~*~tactically~*~*~ (stealth).
  1037 | D:2      | 1037 ||| Stepping ~*~*~tactically~*~*~ (stealth).
  1298 | D:2      | Found a sparkling altar of Nemelex Xobeh.
  1588 | D:2      | 1588 ||| UPGRADING to +0 pair of boots.
  1593 | D:2      | 1593 ||| READING scroll labelled CADEAKKOTZIG.
  1594 | D:2      | 1594 ||| READING scroll labelled VAZUT ZUKK.
  1598 | D:2      | 1598 ||| READING scroll labelled PAF SUNIFI.
  1599 | D:2      | 1599 ||| READING scroll labelled ALOMIF TOSTREWN.
  1609 | D:2      | 1609 ||| READING scroll labelled ROWIAT SOPUQO.
  1741 | D:3      | Found Bulual's Antique Weapon Emporium.
  1753 | D:3      | 1753 ||| BUYING mace (51 gold).
  1753 | D:3      | Bought a mace for 51 gold pieces
  1753 | D:3      | 1753 ||| SHOPLISTING masterwork whip (127 gold, have 42).
  1765 | D:3      | 1765 ||| DROPPING +0 club.
  1818 | D:3      | 1818 ||| Stepping ~*~*~tactically~*~*~ (hiding).
  1825 | D:3      | Reached XP level 4. HP: 28/28 MP: 4/4
  1948 | D:3      | Found Xykkeost's General Store.
  1954 | D:3      | 1954 ||| Stepping ~*~*~tactically~*~*~ (hiding).
  1956 | D:3      | 1956 ||| Stepping ~*~*~tactically~*~*~ (hiding).
  1957 | D:3      | 1957 ||| Stepping ~*~*~tactically~*~*~ (hiding).
  2010 | D:3      | Found Tepuj's Distillery.
  2019 | D:3      | 2019 ||| SHOPLISTING 2 potions of mutation (176 gold, have
                  | 74).
  2019 | D:3      | 2019 ||| BUYING potion of attraction (33 gold).
  2019 | D:3      | Bought a potion of attraction for 33 gold pieces
  2019 | D:3      | 2019 ||| SHOPLISTING potion of haste (110 gold, have 41).
  2019 | D:3      | 2019 ||| SHOPLISTING potion of might (44 gold, have 41).
  2019 | D:3      | 2019 ||| SHOPLISTING potion of resistance (110 gold, have
                  | 41).
  2031 | D:3      | Noticed Robin
  2032 | D:3      | 2032 ||| Stepping ~*~*~tactically~*~*~ (hiding).
  2051 | D:3      | Reached skill level 4 in Axes
  2054 | D:3      | Killed Robin
  2167 | D:3      | Found a transporter.
  2192 | D:3      | 2192 ||| BUYING potion of curing (42 gold).
  2192 | D:3      | Bought a potion of curing for 42 gold pieces
  2192 | D:3      | 2192 ||| SHOPLISTING potion of mutation (112 gold, have
                  | 40).
  2192 | D:3      | 2192 ||| SHOPLISTING scroll of enchant weapon (105 gold,
                  | have 40).
  2212 | D:3      | Found a transporter.
  2234 | D:3      | 2234 ||| Stepping ~*~*~tactically~*~*~ (hiding).
  2311 | D:3      | 2311 ||| Stepping ~*~*~tactically~*~*~ (stealth).
  2465 | D:3      | Found Galexo's Distillery.
  2469 | D:3      | 2469 ||| SHOPLISTING 2 potions of curing (78 gold, have
                  | 53).
  2469 | D:3      | 2469 ||| BUYING potion of curing (39 gold).
  2469 | D:3      | Bought a potion of curing for 39 gold pieces
  2469 | D:3      | 2469 ||| SHOPLISTING potion of curing (39 gold, have 14).
  2469 | D:3      | 2469 ||| SHOPLISTING potion of heal wounds (65 gold, have
                  | 14).
  2469 | D:3      | 2469 ||| SHOPLISTING potion of lignification (39 gold, have
                  | 14).
  2643 | D:3      | 2643 ||| UPGRADING to +0 plate armour.
  2653 | D:3      | 2653 ||| DROPPING +0 chain mail.
  2654 | D:3      | 2654 ||| READING scroll labelled LIRCHEOT WAUMYA.
  2655 | D:3      | 2655 ||| DRINKING 2 brown potions.
  2656 | D:3      | 2656 ||| DRINKING 2 sedimented grey potions.
  2656 | D:3      | Gained mutation: Your mind is acute. (Int +4, Str/Dex -1)
                  | [potion of mutation]
  2656 | D:3      | Gained mutation: Your magical capacity is low. (-10% MP)
                  | [potion of mutation]
  2656 | D:3      | Gained mutation: You possess an exceptional clarity of
                  | mind. [potion of mutation]
  2657 | D:3      | 2657 ||| DROPPING potion of brilliance.
  2676 | D:4      | Noticed an orc warrior
  2677 | D:4      | 2677 ||| Stepping ~*~*~tactically~*~*~ (hiding).
  2679 | D:4      | 2679 ||| STAIRDANCE
  2688 | D:3      | Killed an orc warrior
  2689 | D:3      | Reached skill level 5 in Axes
  2689 | D:3      | Reached XP level 5. HP: 19/32 MP: 2/4
  2814 | D:4      | 2814 ||| STAIRDANCE
  2836 | D:4      | Reached XP level 6. HP: 31/38 MP: 3/5
  2836 | D:4      | 2836 ||| STAIRDANCE
  2893 | D:4      | 2893 ||| Stepping ~*~*~tactically~*~*~ (stealth).
  2894 | D:4      | Noticed an ice beast
  2895 | D:4      | 2895 ||| STAIRDANCE
  2922 | D:4      | 2922 ||| Stepping ~*~*~tactically~*~*~ (stealth).
  2927 | D:4      | 2927 ||| STAIRDANCE
  2935 | D:3      | Killed an ice beast
  2974 | D:4      | 2974 ||| DROPPING +0 mace.
  3021 | D:4      | 3021 ||| Stepping ~*~*~tactically~*~*~ (stealth).
  3024 | D:4      | 3024 ||| Stepping ~*~*~tactically~*~*~ (hiding).
  3027 | D:4      | 3027 ||| Stepping ~*~*~tactically~*~*~ (hiding).
  3028 | D:4      | 3028 ||| Stepping ~*~*~tactically~*~*~ (stealth).
  3036 | D:4      | 3036 ||| Stepping ~*~*~tactically~*~*~ (stealth).
  3060 | D:4      | 3060 ||| Stepping ~*~*~tactically~*~*~ (stealth).
  3062 | D:4      | 3062 ||| Stepping ~*~*~tactically~*~*~ (stealth).
  3063 | D:4      | 3063 ||| Stepping ~*~*~tactically~*~*~ (stealth).
  3066 | D:4      | 3066 ||| Stepping ~*~*~tactically~*~*~ (stealth).
  3067 | D:4      | 3067 ||| Stepping ~*~*~tactically~*~*~ (stealth).
  3068 | D:4      | 3068 ||| Stepping ~*~*~tactically~*~*~ (stealth).
  3069 | D:4      | 3069 ||| Stepping ~*~*~tactically~*~*~ (stealth).
  3069 | D:4      | Noticed a black bear
  3086 | D:4      | HP: 8/40 [black bear (4)]
  3087 | D:4      | 3087 ||| READING 2 scrolls of teleportation.
  3087 | D:4      | HP: 3/40 [black bear (5)]
  3088 | D:4      | Killed a black bear
  3088 | D:4      | Slain by a hobgoblin

Levels and vault maps discovered:
D:1:      nicolae_arrival_memento_mori, layout_loops_ring
D:2:      layout_basic, nicolae_ecumenical_pavilion, basic_altar,
          hex_intersection
D:3:      gammafunk_wand_slinger, layout_loops_cross, serial_shops,
          nicolae_shop_stone, nicolae_shop_stone, shop, shop, uniq_robin
D:4:      wander_river, layout_rooms, ashenzari_conservatory_becter, uniq_edmund

Skill      XL: |  1  2  3  4  5  6 |
---------------+-------------------+-----
Axes           | 2 3 5 |  5.7
Fighting       | 4 |  4.8
Armour         | |  3.2
Shields        | |  3.2

Action                   |  1- 3 |  4- 6 || total
-------------------------+-------+-------++-------
Melee: War axe           |    85 |   113 ||   198
  Use: Scroll            |    10 |     2 ||    12
       Potion            |       |     2 ||     2
Armor: Scale mail        |    30 |       ||    30
       Chain mail        |    22 |    28 ||    50
       Plate armour      |       |    69 ||    69
Dodge: Dodged            |    35 |    50 ||    85
Block: Buckler           |    15 |    25 ||    40

Table legend:
 A = Non-vault XP
 B = Vault XP
 C = Vault XP percentage of total XP
 D = Non-vault monster count
 E = Vault monster count
 F = Vault count percentage of total count
                 A         B        C        D         E       F
            +---------+---------+-------+---------+---------+-------
      Total |     678 |      37 |   5.2 |      78 |      12 |  13.3
            +---------+---------+-------+---------+---------+-------
        D:1 |      27 |       0 |   0.0 |      19 |       0 |   0.0
        D:2 |      43 |       0 |   0.0 |      15 |       0 |   0.0
        D:3 |     320 |      37 |  10.4 |      27 |      12 |  30.8
        D:4 |     288 |       0 |   0.0 |      17 |       0 |   0.0
            +---------+---------+-------+---------+---------+-------
